Cogmind - Beta 14 @@@ ROGUE MODE // 2025.03.21 @ 22:42:36 Player: SirusTheMadDJ Result: Destroyed by S-10 Pest with Light Assault Rifle Performance ------------- Evolutions (1) 500 Regions Visited (6) 1200 Robots Destroyed (47) 235 Value Destroyed (767) 767 Prototype IDs (2) 40 Alien Tech Used (0) 0 Bonus (300) 300 TOTAL SCORE: 3042 Bonus ------- Aligned with FarCom 300 Cogmind --------- Core Integrity 0/400 Matter 264/300 Energy 122/125 System Corruption 0% Temperature Cool (0) Movement Core (550) Ox10 Location -8/Mines Parts ------- > --- POWER (1) -------- Light Ion Engine > --- PROPULSION (3) --- (None) > --- UTILITY (3) ------ Large Storage Unit Signal Interpreter Skeleton Box > --- WEAPON (2) ------- Assault Rifle Improved Light Cannon > --- INVENTORY (15) --- Heat Sink Improved Heat Sink Medium Storage Unit Terrain Scanner Power Shielding EM Pulse Gun Particle Gun Datajack Mining Laser Heavy Explosive Trap Peak State ------------ > --- POWER ------------ Light Ion Engine > --- PROPULSION ------- Airjet Flight Unit Flight Unit > --- UTILITY ---------- Large Storage Unit Signal Interpreter Skeleton Box > --- WEAPON ----------- Particle Gun Heavy Assault Rifle > --- INVENTORY -------- Heat Sink Medium Storage Unit Terrain Scanner Power Shielding EM Pulse Gun Assault Rifle Improved Light Cannon Datajack Mining Laser Heavy Explosive Trap [Rating: 19] Favorites ----------- Power Improved Ion Engine Engine Improved Ion Engine Propulsion Aluminum Leg Leg Aluminum Leg Wheel Compact Wheel Hover Unit Airjet Flight Unit Flight Unit Utility Signal Interpreter Device Heat Sink Storage Large Storage Unit Processor Signal Interpreter Protection Propulsion Shielding Weapon Assault Rifle Energy Gun Particle Gun Ballistic Gun Assault Rifle Ballistic Cannon Light Cannon Launcher Grenade Launcher Special Weapon Mining Laser Build | -11 -10 -10 -9 -9 -9 -8 ------- Run | Yrd Mat Min Mat Min Exi Min Slots Evolved 2 | . . . 2 . . . Power . | . . . . . . . Propulsion 1 | . . . 1 . . . Utility 1 | . . . 1 . . . Weapon . | . . . . . . . Parts Attached 45 | 6 9 1 18 3 . 8 Power 5 | 1 2 . 1 . . 1 Engine 5 | 1 2 . 1 . . 1 Core . | . . . . . . . Reactor . | . . . . . . . Propulsion 14 | 2 2 . 7 . . 3 Treads . | . . . . . . . Leg 5 | 2 2 . 1 . . . Wheel 1 | . . . 1 . . . Hover 1 | . . . . . . 1 Flight 7 | . . . 5 . . 2 Utility 8 | 1 2 1 3 . . 1 Device 3 | . . 1 1 . . 1 Storage 3 | 1 1 . 1 . . . Processor 1 | . . . 1 . . . Hackware . | . . . . . . . Protection 1 | . 1 . . . . . Artifact . | . . . . . . . Weapon 18 | 2 3 . 7 3 . 3 Energy Gun 2 | . . . 1 1 . . Energy Cannon . | . . . . . . . Ballistic Gun 8 | 2 1 . 2 1 . 2 Ballistic Cannon 5 | . 2 . 2 . . 1 Launcher 2 | . . . 2 . . . Special Weapon 1 | . . . . 1 . . Impact Weapon . | . . . . . . . Slashing Weapon . | . . . . . . . Piercing Weapon . | . . . . . . . Special Melee Weapon . | . . . . . . . Unidentified Prototypes 2 | . . 1 . . . 1 Parts Lost 12 | . 1 . 6 . . 5 Power 2 | . 1 . 1 . . . Propulsion 6 | . . . 3 . . 3 Utility 1 | . . . 1 . . . Weapon 3 | . . . 1 . . 2 Highest Loss Streak 3 | . 1 . 3 . . 3 To Critical Strikes . | . . . . . . . Average Slot Usage (%) 93 | . 98 100 79 100 100 89 Engine 12 | . 14 14 10 11 11 11 Leg 16 | . 28 28 11 . . . Flight 9 | . . . 3 33 33 28 Device 8 | . . 13 10 11 11 11 Storage 12 | . 14 14 11 11 11 11 Processor 5 | . . . 11 11 11 11 Protection 3 | . 12 . . . . . Energy Gun 2 | . . . . 11 11 6 Ballistic Gun 12 | . 15 14 9 11 11 11 Ballistic Cannon 8 | . 12 14 10 . . . Peak Build Rating 19 | 6 9 17 18 12 12 19 Average Rating 12 | 5 7 16 11 11 12 15 On Entrance 9 | . 6 9 17 12 12 12 Naked Turns . | . . . . . . . Heaviest Build 35 | 12 23 23 35 30 30 31 Greatest Support 30 | 20 20 20 30 12 12 12 Greatest Overweight (x) 11 | . 1 1 11 2 2 8 Average Overweight (x) 1 | . . 1 2 2 2 2 Largest Inventory Capacity 15 | 8 10 10 15 15 15 15 Average Capacity 12 | 7 8 10 14 15 15 15 Most Carried 13 | 3 10 10 10 9 10 13 Average Carried 9 | 1 7 9 8 9 9 11 Final Capacity 15 | 8 10 10 15 15 15 15 Final Carried 10 | 3 10 10 9 9 10 10 Class Distribution -------------------- 70% | Mutant 29% | Scavenger-Mutant Dominant Class ---------------- Mutant | -10/Materials Mutant | -10/Mines Mutant | -9/Materials Scavenger-Mutant | -9/Mines Scavenger-Mutant | -9/Exiles Scavenger-Mutant | -8/Mines Resources | -11 -10 -10 -9 -9 -9 -8 ----------- Run | Yrd Mat Min Mat Min Exi Min Matter Collected 1344 | 263 386 81 380 . . 234 Remotely . | . . . . . . . Salvage Created 1001 | 72 291 35 381 . . 222 Parts 103 | 1 33 6 44 . . 19 Haulers Intercepted 1 | . 1 . . . . . Recyclers Shooed 7 | . . 2 3 . . 2 Parts Field Recycled . | . . . . . . . Retrieved Matter . | . . . . . . . Parts Self-Destructed . | . . . . . . . Prevented . | . . . . . . . Kills | -11 -10 -10 -9 -9 -9 -8 ------- Run | Yrd Mat Min Mat Min Exi Min Combat Hostiles Destroyed 32 | . 8 3 12 . . 9 Guns 20 | . 5 . 6 . . 9 Cannons 11 | . 3 3 5 . . . AOE 1 | . . . 1 . . . Classes Destroyed 10 | 1 7 . 1 . . 1 Worker 3 | . 2 . 1 . . . Builder 1 | . 1 . . . . . Hauler 1 | . 1 . . . . . Recycler 2 | 1 . . 1 . . . Operator 2 | . 1 . 1 . . . Watcher 6 | . 3 . 3 . . . Swarmer 23 | . 6 3 8 . . 6 Grunt 5 | . 2 . 1 . . 2 Brawler 1 | . . . . . . 1 Sentry 3 | . . . 3 . . . Best Kill Streak 6 | 1 5 2 6 . . 3 Combat Bots Only 4 | . 3 2 4 . . 3 Max Kills in Single Turn 2 | 1 2 1 2 . . 1 Gunslinging . | . . . . . . . Exploded 1 | . . . 1 . . . Melee . | . . . . . . . Uniques/NPCs Destroyed . | . . . . . . . Combat | -11 -10 -10 -9 -9 -9 -8 -------- Run | Yrd Mat Min Mat Min Exi Min Hostile Shots Fired 291 | . 55 23 132 . . 81 Missed 75 | . 15 6 32 . . 22 Damage Taken 2020 | . 363 136 922 . . 599 Core 489 | . 69 19 184 . . 217 Absorbed by Shields . | . . . . . . . Redirected to Shielding 16 | . 16 . . . . . Core Remaining (%) 82 | 100 . 64 . . . . Volleys Fired 161 | 4 41 13 45 . . 58 Largest 2 | 2 2 2 2 . . 2 Hottest 88 | 40 55 55 75 . . 88 Shots Fired 269 | 8 82 26 84 . . 69 Gun 177 | 8 48 13 40 . . 68 Cannon 85 | . 34 13 37 . . 1 Launcher 7 | . . . 7 . . . Special . | . . . . . . . Kinetic 246 | 8 82 26 71 . . 59 Thermal 10 | . . . . . . 10 Explosive 7 | . . . 7 . . . Electromagnetic 6 | . . . 6 . . . Robot Hit Streak 7 | 4 6 1 7 . . 5 Robot Miss Streak 7 | 1 7 7 3 . . 3 Penetration Max . | . . . . . . . Secondary Targets . | . . . . . . . Shots Hit Robots 114 | 5 30 4 39 . . 36 Core Hits 69 | 2 17 5 27 . . 18 Critical Kills 1 | . . . . . . 1 Critical Parts Destroyed . | . . . . . . . Critical Strikes 3 | . 1 . 1 . . 1 Destroy 1 | . . . . . . 1 Blast 2 | . 1 . 1 . . . Melee Attacks . | . . . . . . . Impact . | . . . . . . . Slashing . | . . . . . . . Piercing . | . . . . . . . Sneak Attacks . | . . . . . . . Combat Hostiles . | . . . . . . . Follow-up Attacks . | . . . . . . . Damage Inflicted 1931 | 62 569 91 802 . . 407 Guns 1015 | 62 289 13 268 . . 383 Cannons 725 | . 280 54 367 . . 24 Explosions 167 | . . . 167 . . . Melee . | . . . . . . . Ramming 24 | . . 24 . . . . Kinetic 1653 | 62 569 67 591 . . 364 Thermal 43 | . . . . . . 43 Explosive 167 | . . . 167 . . . Electromagnetic 44 | . . . 44 . . . Impact . | . . . . . . . Slashing . | . . . . . . . Piercing . | . . . . . . . Highest Corruption . | . . . . . . . Average Corruption . | . . . . . . . Corruption Purged . | . . . . . . . Corruption Blocked . | . . . . . . . Overload Shots . | . . . . . . . Overflow Damage 4 | . . . . . . 4 Projectiles 4 | . . . . . . 4 Explosions . | . . . . . . . Melee . | . . . . . . . Knockbacks 1 | . . . 1 . . . Impact . | . . . . . . . Kinetic 1 | . . . 1 . . . Secondary . | . . . . . . . Self-Inflicted Damage 15 | . . . 15 . . . Shots 1 | . . . 1 . . . Rammed . | . . . . . . . Targets Rammed 5 | . . 5 . . . . Kicked 5 | . . 5 . . . . Crushed . | . . . . . . . Highest Temperature 324 | . 20 . 54 . . 324 Average Temperature 84 | . 10 . 21 . . 145 Received Heat Transfer 333 | . 72 . 99 . . 162 Effects 4 | . . . . . . 4 Energy Bleed 1 | . . . . . . 1 Interference 3 | . . . . . . 3 Siege Activations . | . . . . . . . Robots Corrupted . | . . . . . . . Combat Hostiles . | . . . . . . . Parts Fried . | . . . . . . . Impact Corruptions . | . . . . . . . Robots Melted . | . . . . . . . Combat Hostiles . | . . . . . . . Parts Melted . | . . . . . . . Heat Transferred 111 | . . . . . . 111 Parts Sabotaged . | . . . . . . . Parts Stolen . | . . . . . . . Parts Stripped . | . . . . . . . Power Chain Reactions . | . . . . . . . Alert | -11 -10 -10 -9 -9 -9 -8 ------- Run | Yrd Mat Min Mat Min Exi Min Peak Influence 255 | 5 147 100 255 34 . 235 Initial 34 | . 3 . . 34 . . Average 59 | 1 63 18 95 34 . 77 Maximum Alert Level 1 | . . . 1 . . 1 Low Security (%) 95 | 100 100 100 84 100 . 96 Level 1 4 | . . . 15 . . 3 Level 2 . | . . . . . . . Level 3 . | . . . . . . . Level 4 . | . . . . . . . Level 5 . | . . . . . . . High Security . | . . . . . . . Max Security . | . . . . . . . Squads Dispatched 1 | . 1 . . . . . Investigation . | . . . . . . . Extermination . | . . . . . . . Reinforcement 1 | . 1 . . . . . Assault . | . . . . . . . Garrison . | . . . . . . . Intercept . | . . . . . . . Searches Triggered . | . . . . . . . Construction Impeded . | . . . . . . . Haulers Reinforced . | . . . . . . . Active Scanning Responses . | . . . . . . . Cargo Convoy Interrupts . | . . . . . . . Stealth | -11 -10 -10 -9 -9 -9 -8 --------- Run | Yrd Mat Min Mat Min Exi Min Distress Signals 3 | . 1 . 1 . . 1 Communications Jammed . | . . . . . . . Distress Signals . | . . . . . . . Times Spotted 51 | . 14 5 16 . . 16 Peak Tracking Total 8 | . 3 3 4 . . 8 Tactical Retreats 8 | . 2 1 . . . 5 Traps | -11 -10 -10 -9 -9 -9 -8 ------- Run | Yrd Mat Min Mat Min Exi Min Traps Triggered . | . . . . . . . Indirectly . | . . . . . . . Trap Hack Attempts . | . . . . . . . Triggered . | . . . . . . . Disarmed . | . . . . . . . Reprogrammed . | . . . . . . . Reused . | . . . . . . . Traps Extracted . | . . . . . . . Installed . | . . . . . . . Triggered . | . . . . . . . Most Traps Carried 1 | . . 1 1 1 1 1 Machines | -11 -10 -10 -9 -9 -9 -8 ---------- Run | Yrd Mat Min Mat Min Exi Min Machines Disabled 2 | . 1 . . . . 1 Max in Single Turn 1 | . 1 . . . . 1 Machines Repaired . | . . . . . . . Machines Dismantled . | . . . . . . . Machines Sabotaged . | . . . . . . . Overloaded Fab Kills . | . . . . . . . Hacking | -11 -10 -10 -9 -9 -9 -8 --------- Run | Yrd Mat Min Mat Min Exi Min Machines Accessed 3 | . 1 . 2 . . . Terminals . | . . . . . . . Fabricators . | . . . . . . . Repair Stations . | . . . . . . . Recycling Units 2 | . 1 . 1 . . . Scanalyzers 1 | . . . 1 . . . Garrison Access . | . . . . . . . Total Hacks 6 | . 1 . 5 . . . Successful 5 | . 1 . 4 . . . Failed 1 | . . . 1 . . . Catastrophic . | . . . . . . . Database Lockouts . | . . . . . . . Manual 3 | . . . . . 3 . Terminals . | . . . . . . . Fabricators . | . . . . . . . Repair Stations . | . . . . . . . Recycling Units 3 | . 1 . 2 . . . Scanalyzers 3 | . . . 3 . . . Garrison Access . | . . . . . . . Terminal Hacks . | . . . . . . . Fabricator Hacks . | . . . . . . . Repair Station Hacks . | . . . . . . . Recycling Unit Hacks 3 | . 1 . 2 . . . Process 1 | . . . 1 . . . Report Inventory 2 | . 1 . 1 . . . Scanalyzer 2 | . . . 2 . . . Insert Component 1 | . . . 1 . . . Analyze 1 | . . . 1 . . . Garrison Access Hacks . | . . . . . . . Unauthorized Hacks . | . . . . . . . Terminals . | . . . . . . . Fabricators . | . . . . . . . Repair Stations . | . . . . . . . Recycling Units . | . . . . . . . Scanalyzers . | . . . . . . . Garrison Access . | . . . . . . . Data Cores Recovered . | . . . . . . . Used . | . . . . . . . Hacking Detections 2 | . . . 2 . . . Full Trace Events . | . . . . . . . Feedback Events . | . . . . . . . Feedback Blocked . | . . . . . . . Robot Schematics Acquired . | . . . . . . . Robots Built . | . . . . . . . Authchips . | . . . . . . . Time . | . . . . . . . Total Robot Build Rating . | . . . . . . . Part Schematics Acquired 1 | . . . 1 . . . Parts Built . | . . . . . . . Authchips . | . . . . . . . Time . | . . . . . . . Total Part Build Rating . | . . . . . . . Parts Repaired . | . . . . . . . Time . | . . . . . . . Parts Recycled . | . . . . . . . Recycled Matter 121 | . . . 121 . . . Retrieved Matter . | . . . . . . . Retrieved Components . | . . . . . . . Parts Scanalyzed 1 | . . . 1 . . . Part Schematics Acquired 1 | . . . 1 . . . Parts Damaged . | . . . . . . . Bothacking | -11 -10 -10 -9 -9 -9 -8 ------------ Run | Yrd Mat Min Mat Min Exi Min Used RIF Installer . | . . . . . . . Robots Hacked . | . . . . . . . Non-combat . | . . . . . . . Combat . | . . . . . . . Robot Hacks Applied . | . . . . . . . Relay Couplers Released . | . . . . . . . Fabnet Peak Effective % . | . . . . . . . Robots Rewired . | . . . . . . . Allies Hacked . | . . . . . . . Hacks Repelled . | . . . . . . . Allies | -11 -10 -10 -9 -9 -9 -8 -------- Run | Yrd Mat Min Mat Min Exi Min Total Allies . | . . . . . . . Largest Group . | . . . . . . . Highest-Rated Group . | . . . . . . . Highest-Rated Ally . | . . . . . . . Total Orders . | . . . . . . . Ally Attacks . | . . . . . . . Total Damage . | . . . . . . . Kills . | . . . . . . . Allies Corrupted . | . . . . . . . Allies Melted . | . . . . . . . Intel | -11 -10 -10 -9 -9 -9 -8 ------- Run | Yrd Mat Min Mat Min Exi Min Robot Analysis Total . | . . . . . . . Derelict Logs Recovered 2 | . . 2 . . . . Drone Launches . | . . . . . . . Drone Recoveries . | . . . . . . . Exploration | -11 -10 -10 -9 -9 -9 -8 ------------- Run | Yrd Mat Min Mat Min Exi Min Turns Passed 5028 | 112 1218 1176 1097 151 510 764 Spaces Moved 2285 | 71 707 576 315 75 263 278 Core 23 | 6 . . 16 . . 1 Treads . | . . . . . . . Legs 1601 | 65 707 576 253 . . . Wheels 2 | . . . 2 . . . Hover . | . . . . . . . Flight 659 | . . . 44 75 263 277 Fastest Speed 50 | 50 120 190 115 194 194 194 Average Speed 193 | 114 149 190 298 194 194 216 Slowest Speed 605 | 120 190 190 605 194 194 450 Overloaded Moves . | . . . . . . . Propulsion Burnouts . | . . . . . . . Robots Hopped . | . . . . . . . Cave-ins Triggered . | . . . . . . . Exploration Rate (%) 49 | 6 91 85 22 22 62 55 Regions Visited 6 Branch Regions 4 Pre-discovered Areas 1 | . . 1 . . . . Known Exits Taken 3 | . . . 1 1 1 . Unknown Exits Taken 3 | 1 1 1 . . . . Scrap Searched 2 | . . 1 . . . 1 Spaces Dug . | . . . . . . . Terrain Destroyed 27 | . . . 27 . . . Melee . | . . . . . . . Projectile . | . . . . . . . AOE 27 | . . . 27 . . . Terrain Rammed . | . . . . . . . Walls Destroyed . | . . . . . . . Machines Disabled . | . . . . . . . Actions | -11 -10 -10 -9 -9 -9 -8 --------- Run | Yrd Mat Min Mat Min Exi Min Total 2614 | 91 790 628 383 79 263 380 Wait 85 | 7 14 30 . 2 . 32 Move 2279 | 70 706 575 314 74 262 278 Hop . | . . . . . . . Pick Up 23 | 4 12 2 2 . 1 2 Fast Attach 12 | 5 1 . 6 . . . Attach 7 | 1 1 . 3 . . 2 Detach . | . . . . . . . Swap 26 | . 7 1 9 3 . 6 Drop 16 | . 8 2 4 . . 2 Fire 161 | 4 41 13 45 . . 58 Melee . | . . . . . . . Ram . | . . . . . . . Kick 5 | . . 5 . . . . Crush . | . . . . . . . Escape Stasis . | . . . . . . . Rewire . | . . . . . . . Trap . | . . . . . . . Miscellaneous . | . . . . . . . Route ------- -11/Scrapyard -10/Materials (discovered 5 exits: *Mat x3 / [*Min x2]) -10/Mines (discovered 2 exits: *Mat x2) -9/Materials -9/Mines -9/Exiles -8/Mines History --------- Turn | Location | Event 3 | -11/Scrapyard | Discovered new exit (range 15) 113 | -11/Scrapyard | Entered Materials 258 | -10/Materials | Discovered new exit (range 8) 300 | -10/Materials | Build established: Mutant 332 | -10/Materials | Discovered new exit (range 7) 526 | -10/Materials | Discovered new exit (range 16) 1119 | -10/Materials | Discovered new exit (range 4) 1254 | -10/Materials | Discovered new exit (range 16) 1331 | -10/Materials | Entered Mines 1362 | -10/Mines | Found a damaged Exp. Sensor Array with a note attached 1366 | -10/Mines | Found Prototype Device 1366 | -10/Mines | Identified Exp. Sensor Array 1515 | -10/Mines | Learned location of Mines (-8) 1545 | -10/Mines | YI-UF0 nonchalantly dropped a Grenade Launcher on the ground 1757 | -10/Mines | Found a hidden stash of uninstalled traps 2033 | -10/Mines | Discovered new exit (range 5) 2061 | -10/Mines | Learned location of 1 exit from Materials 2205 | -10/Mines | Discovered new exit (range 13) 2507 | -10/Mines | Entered Materials 2507 | -9/Materials | Evolved 2 slots: Propulsion x1, Utility x1 2508 | -9/Materials | Identified exit to Mines 2686 | -9/Materials | Lost 3 parts (2n1w) 3604 | -9/Materials | Entered Mines 3605 | -9/Mines | Assembled infested the area 3610 | -9/Mines | Assisted by a Guerilla fighting off Assembled 3743 | -9/Mines | Deemed a non-threat by the Exiles lab entrance 3745 | -9/Mines | Discovered new exit (range 5) 3751 | -9/Mines | Identified exit to Exiles 3755 | -9/Mines | Entered Exiles 3804 | -9/Exiles | Met 8R-AWN 3818 | -9/Exiles | Build established: Scavenger-Mutant 3835 | -9/Exiles | Met EX-HEX 3887 | -9/Exiles | Met EX-BIN 3911 | -9/Exiles | Aligned with FarCom system 3913 | -9/Exiles | Given EX-Vault access code 3977 | -9/Exiles | Opened EX-Vault 3986 | -9/Exiles | Found Prototype Device 4051 | -9/Exiles | Warned to stay clear of 0b10 Research branches 4110 | -9/Exiles | Met EX-DEC 4243 | -9/Exiles | Discovered new exit (range 14) 4263 | -9/Exiles | Identified exit to Mines 4265 | -9/Exiles | Left Exiles lab with Skeleton Box 4265 | -9/Exiles | Entered Mines 4265 | -8/Mines | Identified Skeleton Box 4656 | -8/Mines | Core integrity fell below 50% 5012 | -8/Mines | Core integrity fell below 20% 5029 | -8/Mines | Destroyed by S-10 Pest with Light Assault Rifle Last Messages --------------- Flight Unit destroyed. G-47 Trooper destroyed. Acquired 42 matter. R-06 Scavenger collects Lgt. Ion Engine. Acquired Imp. Heat Sink. R-06 Scavenger collects Flight Unit. K-01 Serf collects debris. S-10 Pest destroyed. K-01 Serf collects debris. Acquired 8 matter. K-01 Serf collects debris. Dropped Lgt. Ion Engine. K-01 Serf collects debris. Acquired 7 matter. Flight Unit destroyed. S-10 Pest destroyed. Flight Unit destroyed. S-10 Pest destroyed. Lgt. Assault Rifle destroyed. Destroyed Flight Unit. Map ----- +----------------------------------------------------+ | ?????????????????????????????????????? | | ?????????????????????????????????????? | | ??????????????????????????????? ?????? | | ??????????????????????????????? ?????? | | ??????????????????????????????? ?????? | | ??????????????????????????????? ?????? | | ??????????????????????????????? ?????? | | ??????????????????????????????? ?????? | | ??????????????????????????????? ?????? | | ??????????????? ??????????????# #???## | | ??????????????? ??????????????# #???# | | ???????????????* ?????????????# #???# | | ??????????###??t#?????????????# #???# | | ?????????## #?[#?????????????# ##### | | ?????????# #s##????????????# ##* | | ?????????# % ==##???????????# ## [ | | ?????????# ##??######### | | ?????????# ## """ | | ?????????? ????### ## #### """ | | ?????????? %[ ???????# ?# #??# | | ??????????? ==%#???????# ## #??### # | | ???????????? * ##??????# ## #????# # | | ????????????# ##?????# ## ###### # | | ?????###???## #????## # | | ????## #### ###### ######## | | ???## @ #??????? | | ???# ##??????? | | ???# ##### ####### ###???????? | | ???## ###??###?????## ##?????????? | | ????## ##??????????# #??????????? | | ?????## ############ #??????????? | | ??????## #??????????? | | ???????####################??????????? | | ?????????????????????????????????????? | | ?????????????????????????????????????? | | | | | | | | | | | | | | | | | | | | | | | | | | | | | | | +----------------------------------------------------+ Best States ------------- Heat Dissipation 38 Energy Generation 12 Energy Capacity 265 Matter Stores 300 Matter Capacity 300 Sight Range 16 Robot Scan Range 20 Terrain Scan Density 10 Propulsion Shielding 33 Evasion (%) 55 Item Schematics ----------------- Datajack | -9/Materials | Scanalyzed Robot Schematics ------------------ None Fabricated ------------ Nothing Alien Tech Used ----------------- None Achievements -------------- None Challenges ------------ None Game ------ Seed StormMissileRay Manual? 0 Play Time 00:34:22 Cumulative 4.8 hours Start 2025.03.21 @ 22:08:03 End 2025.03.21 @ 22:42:36 Sessions 1 Manual Loads 0 Difficulty Rogue Special Mode None Game No. 11 Rogue 11 Adventurer 0 Explorer 0 Win Type - Total 0 Types 0/0/0/0/0/0/0/0/0 Lore% 3 Gallery% 9 Achievement% 10 Wizard Run 0 Options --------- Layout 1 ASCII 0 Keyboard 0 Movement Numpad Keybinds 0 Fullscreen 1 Font 24/Smallcaps Map View 50x35 Zoom Use 0% Tactical HUD 0 Map Filters NONE Filters NONE Steam 1 RUN: 1c675c1d-1a93-4951-ace7-bee4edc51c84